 Dungeon Crawl Stone Soup version 0.31-a0-1370-gf52a5a9ab3 (webtiles) character file.

Game seed: 10224123835136486288

21973 grandjackal the Fighter (level 12, -17/100 HPs)
             Began as a Demonspawn Gladiator on Dec 24, 2023.
             Was an Elder of Qazlal.
             Killed from afar by Jorgrun (58 damage)
             ... with an iron shot
             ... on level 12 of the Dungeon.
             The game lasted 00:15:46 (13973 turns).

grandjackal the Fighter (Demonspawn Gladiator)     Turns: 13973, Time: 00:15:47

Health: -17/100    AC: 16    Str: 14    XL:     12   Next: 58%
Magic:  18/20      EV: 16    Int: 10    God:    Qazlal [****..]
Gold:   399        SH: 10    Dex: 19    Spells: 11/11 levels left

rFire   . . .        G - +2 scimitar (freeze)
rCold   . . .        (no shield)
rNeg    . . .        O - +1 ring mail {Will+}
rPois   .            c - +0 helmet
rElec   .            M - scarf {repulsion}
rCorr   +            k - +0 pair of gloves
SInv    .            q - +3 pair of seven-league boots {Rampage+∞}
Will    +....        b - amulet of reflection
Stlth   +            i - ring of resist corrosion
HPRegen 0.36/turn    B - ring of the Unicorn {rCorr Slay+3}
MPRegen 0.34/turn

%: repel missiles, reflection, rampage+∞
@: no status effects
A: slimy green scales 2, demonic guardian 2, magic regeneration, bedeviling,
weakness stinger 2
a: Renounce Religion, Upheaval, Elemental Force


You were on level 12 of the Dungeon.
You worshipped Qazlal.
Qazlal was greatly pleased with you.
You visited 2 branches of the dungeon, and saw 13 of its levels.
You also visited: Gauntlet.

You collected 714 gold pieces.
You spent 315 gold pieces at shops.

Inventory:

Hand Weapons
 G - a +2 scimitar of freezing (weapon)
Missiles
 d - 2 throwing nets (quivered)
 e - 6 javelins
Armour
 c - a +0 helmet (worn)
 k - a +0 pair of gloves (worn)
 q - the +3 pair of seven-league boots (worn) {Rampage+∞}
   (You found it in a Gauntlet)

   Rampage+∞: When moving toward enemies, its wearer moves as far as possible,
   alerting their target en route.
 A - a +3 ring mail
 M - a scarf of repulsion (worn)
 O - a +1 ring mail of willpower (worn)
Jewellery
 b - an amulet of reflection (around neck)
 i - a ring of resist corrosion (left hand)
 o - an amulet of guardian spirit
 B - the ring of the Unicorn (right hand) {rCorr Slay+3}
   (You found it on level 6 of the Dungeon)

   [ring of resist corrosion]

   Slay+3:    It affects your accuracy & damage with ranged weapons and melee
   (+3).
   rCorr:     It protects you from acid and corrosion.
 F - a +6 ring of strength
 J - a ring of flight
Wands
 a - a wand of roots (14)
 v - a wand of polymorph (13)
 H - a wand of flame (13)
 K - a wand of light (6)
 L - a wand of digging (15)
 N - a wand of charming (7)
Scrolls
 f - 2 scrolls of enchant armour
 l - 2 scrolls of summoning
 n - 4 scrolls of blinking
 s - 7 scrolls of teleportation
 t - 2 scrolls of vulnerability
 w - 5 scrolls of revelation
 x - 2 scrolls of fog {unknown}
 y - 3 scrolls of enchant weapon
 I - 3 scrolls of fear {unknown}
 P - a scroll of immolation {unknown}
Potions
 g - 2 potions of heal wounds
 h - 3 potions of enlightenment
 j - a potion of brilliance
 m - 2 potions of mutation
 r - a potion of resistance
 u - 2 potions of invisibility
 z - 6 potions of curing
 C - 2 potions of lignification
 E - 3 potions of haste
Miscellaneous
 p - a phantom mirror (inert)


   Skills:
 + Level 11.5 Fighting
 + Level 10.7 Long Blades
 - Level 2.0 Throwing
 + Level 3.1 Armour
 - Level 10.1 Dodging
 + Level 11.4 Invocations


You had 11 spell levels left.
You didn't know any spells.
Your spell library contained the following spells:

 Spells                   Type           Power      Damage    Failure   Level
 Blink                    Tloc           0%         N/A       75%         2
 Call Imp                 Summ           0%         N/A       75%         2
 Lesser Beckoning         Tloc           0%         N/A       75%         2
 Momentum Strike          Conj/Tloc      0%         3d8       75%         2
 Scorch                   Fire           0%         2d5       75%         2
 Sublimation of Blood     Necr           0%         N/A       75%         2
 Call Canine Familiar     Summ           0%         N/A       92%         3
 Gell's Gravitas          Tloc           0%         N/A       92%         3
 Sigil of Binding         Hex            0%         N/A       92%         3
 Teleport Other           Tloc           0%         N/A       92%         3
 Dimensional Bullseye     Hex/Tloc       0%         N/A       100%        4
 Flame Wave               Conj/Fire      0%         2d4       100%        4
 Manifold Assault         Tloc           0%         N/A       100%        4
 Dispersal                Tloc           0%         N/A       100%        6
 Summon Cactus Giant      Summ           0%         N/A       100%        6
 Summon Hydra             Summ           0%         N/A       100%        7
 Disjunction              Tloc           0%         N/A       100%        8


Dungeon Overview and Level Annotations

Branches:
Dungeon (12/15)            Temple (1/1) D:7            Lair (0/5) D:11
    Orc (0/2) D:12        Gauntlet (visited)

Altars:
Ashenzari
Cheibriados
Dithmenos
Fedhas
Gozag
Hepliaklqana
Kikubaaqudgha
Makhleb
Nemelex Xobeh
Okawaru
Qazlal
Ru
Sif Muna
Trog
Uskayaw
Vehumet
Wu Jian
Xom
Yredelemnul

Shops:
D:5 :   D:8 !   D:9 [

Portals:
Abyss: D:7

Annotations:
D:7 2 transporters, bungle's ghost, novice GnAE
D:9 1 runed translucent door, pigah's ghost, novice OpSh
D:12 Jorgrun


Innate Abilities, Weirdness & Mutations

You are mostly covered in slimy green scales. (AC +3)
A demonic guardian rushes to your aid.
You regenerate magic rapidly.
Your hexes are more powerful.
You have a tail ending in a sharp stinger.


Message History

Qazlal accepts your kill.
Jorgrun hits your water elemental but does no damage.
Jorgrun shatters your water elemental.
Your water elemental hits Jorgrun!!
Your water elemental engulfs Jorgrun in water!
Unknown command.
You feel yourself speed up.
Jorgrun is asphyxiated!
Your air elemental fires a burst of electricity at Jorgrun.
The stunning burst hits your water elemental.
Your water elemental resists.
The stunning burst misses Jorgrun.
Your air elemental hits Jorgrun!
Your water elemental misses Jorgrun.
Jorgrun hits your water elemental with a staff of earth.
Jorgrun shatters your water elemental!
Your air elemental closely misses Jorgrun.
You see here 5 large rocks.
Jorgrun is asphyxiated!
Your air elemental hits Jorgrun!
Your water elemental closely misses Jorgrun.
Your water elemental hits Jorgrun!
Jorgrun hits your water elemental with a staff of earth!!
Your air elemental closely misses Jorgrun.
Jorgrun is asphyxiated!
Your air elemental misses Jorgrun.
Your air elemental closely misses Jorgrun.
Your water elemental closely misses Jorgrun.
Jorgrun hits your water elemental with a staff of earth!!
Jorgrun shatters your water elemental!
Your water elemental is destroyed!
Your water elemental disappears in a puff of smoke!
Your air elemental fires a burst of electricity at Jorgrun.
The stunning burst misses Jorgrun.
Your air elemental disappears in a puff of smoke!
Jorgrun is asphyxiated!
Your water elemental hits Jorgrun.
Jorgrun is no longer engulfed.
You barely miss Jorgrun.
Your tail-slap misses Jorgrun.
Jorgrun is severely wounded.
Your water elemental closely misses Jorgrun.
Jorgrun casts a spell at you. The iron shot hits you!!!
Ouch! That really hurt!
You die...

*,* ****,* #########
*,* *....*.# ########.
*,* ####+..##.##
########. *,*
#..........# ########.
*,* ****#.......>..#
########.
***,****,,,+..........#
########.
*,,,,,,,,**#......○...#
###....<. ,,*,******
#..○Eg.°§..#*#...####.
***,*
#....@.....+,..######.
*,*
#....(.....#*#######..
*,* #...☼......#
#######.# *,*
#..........# #######.#
*,* #######+####
#######.# *,* **,,*
######..# *,* *,,**
*,** ***+*****
***,***** ***+**
,,,,,,,,* ***,,,,,,,*
*,,,,,


You could see Jorgrun (ally target) and a friendly water elemental (summoned).

Vanquished Creatures
  Josephine (D:11)
  4 two-headed ogres
  An occultist (Gauntlet)
  An arcanist (Gauntlet)
  5 cyclopes
  2 manticores
  An unseen horror (D:10)
  A kobold demonologist (D:9)
  A polar bear (D:10)
  A spriggan (shapeshifter) (D:8)
  4 wraiths
  3 shadows
  4 wyverns
  16 yaks
  An unseen horror simulacrum (D:10)
  A warg (D:12)
  A steam dragon (D:9)
  4 vampire mosquitoes (D:11)
  2 swamp worms (Gauntlet)
  2 acid dragons
  2 water moccasins (D:11)
  2 ice beasts
  A sky beast (D:8)
  3 black bears
  An ogre (D:6)
  2 orc warriors
  3 wolves
  2 centaurs
  A lemure (D:4)
  A phantom (D:6)
  6 kobold brigands
  A gnoll sergeant (D:6)
  4 bullfrogs
  4 scorpions
  5 wights (D:8)
  A hornet simulacrum (Gauntlet)
  14 killer bees
  An electric eel (D:10)
  3 howler monkeys
  5 orc priests
  2 gnoll boudas
  4 hounds
  2 sleepcaps
  3 iguanas (D:6)
  5 orc wizards
  7 centaur simulacra
  10 gnolls
  9 adders
  3 shadow imps
  4 white imps
  4 bombardier beetles
  3 ufetubi
  14 orcs
  6 endoplasms
  2 giant cockroaches
  5 goblins
  5 hobgoblins
  A jackal (D:3)
  19 kobolds
  5 quokkas
  5 ball pythons
  2 bats
  2 frilled lizards (D:3)
  A rat (D:2)
241 creatures vanquished.

Vanquished Creatures (collateral kills)
  A minotaur (Gauntlet)
  A two-headed ogre (D:7)
  Pikel (D:4)
  Maggie (D:7)
  2 wraiths (D:11)
  4 yaks
  A steam dragon (D:7)
  A swamp worm (Gauntlet)
  2 water moccasins
  An acid dragon (D:7)
  2 ice beasts
  A centaur (D:10)
  2 bullfrogs
  2 wights (D:8)
  A jelly (D:6)
  Terence (D:2)
  An adder (D:6)
  An orc (D:4)
  A goblin (D:2)
  A hobgoblin (D:4)
  2 kobolds
  A rat (D:2)
31 creatures vanquished.

Vanquished Creatures (others)
  2 skeletal warriors (D:12)
  A cyclops (D:12)
  2 kobolds
5 creatures vanquished.

Grand Total: 277 creatures vanquished

Notes
Turn   | Place    | Note
-------+----------+-------------------------------------------
     0 | D:1      | grandjackal the Demonspawn Gladiator began the quest for
                  | the Orb.
     0 | D:1      | Reached XP level 1. HP: 16/16 MP: 1/1
   243 | D:1      | Gained mutation: A weak demonic guardian rushes to your
                  | aid. [demonic ancestry]
   243 | D:1      | Reached XP level 2. HP: 15/22 MP: 2/2
   714 | D:2      | Noticed Terence
   735 | D:2      | Killed Terence
   736 | D:2      | Gained mutation: You have a small tail. [demonic ancestry]
   736 | D:2      | Reached XP level 3. HP: 8/28 MP: 3/3
  1588 | D:3      | Gained mutation: A demonic guardian rushes to your aid.
                  | [demonic ancestry]
  1588 | D:3      | Reached XP level 4. HP: 34/34 MP: 4/4
  1617 | D:3      | Found a faded altar of an unknown god.
  2328 | D:4      | Identified the +0 leather armour of Death's Door {rElec
                  | rC+}
  2383 | D:4      | Noticed a scorpion
  2390 | D:4      | Killed a scorpion
  2391 | D:4      | Gained mutation: You regenerate magic rapidly. [demonic
                  | ancestry]
  2391 | D:4      | Reached XP level 5. HP: 41/41 MP: 5/5
  2876 | D:4      | Noticed a lemure
  2879 | D:4      | Noticed Pikel
  2879 | D:4      | Noticed a lemure
  2880 | D:4      | Noticed a lemure
  2882 | D:4      | Noticed a lemure
  2886 | D:4      | Killed a lemure
  2903 | D:4      | Killed Pikel
  2904 | D:4      | Reached skill level 5 in Fighting
  2904 | D:4      | Gained mutation: You have a tail ending in a sharp stinger.
                  | [demonic ancestry]
  2904 | D:4      | Reached XP level 6. HP: 6/51 MP: 6/6
  2904 | D:4      | Reached XP level 7. HP: 7/56 MP: 7/7
  3135 | D:4      | Reached skill level 5 in Long Blades
  3514 | D:5      | Entered Level 5 of the Dungeon
  3575 | D:5      | Reached skill level 5 in Dodging
  4175 | D:5      | Found Secakusu's Self-Published Books.
  4673 | D:6      | Gained mutation: Your hexes are more powerful. [demonic
                  | ancestry]
  4673 | D:6      | Reached XP level 8. HP: 54/64 MP: 8/8
  5411 | D:6      | Identified the ring of the Unicorn {rCorr Slay+3}
  6150 | D:7      | Gained mutation: You are partially covered in slimy green
                  | scales. (AC +2) [demonic ancestry]
  6150 | D:7      | Reached XP level 9. HP: 63/72 MP: 9/9
  6395 | D:7      | Found a staircase to the Ecumenical Temple.
  6412 | D:7      | Noticed a smoke demon
  6417 | D:7      | Noticed bungle's ghost (novice GnAE)
  6467 | Temple   | Entered the Ecumenical Temple
  6535 | Temple   | Became a worshipper of Qazlal Stormbringer
  6741 | D:7      | Reached skill level 1 in Invocations
  6982 | D:7      | Found an opulent altar of Gozag.
  7015 | D:7      | Found a transporter.
  7039 | D:7      | Found a transporter.
  7040 | D:7      | Found a one-way gate to the infinite horrors of the Abyss.
  7050 | D:7      | Found an ancient bone altar of Kikubaaqudgha.
  7055 | D:7      | Noticed a two-headed ogre
  7204 | D:7      | Killed a two-headed ogre
  7568 | D:8      | Found Xeamelepu's Distillery.
  7569 | D:8      | Noticed Maggie
  7607 | D:7      | Killed Maggie
  8082 | D:8      | Noticed a two-headed ogre
  8092 | D:8      | Killed a two-headed ogre
  8093 | D:8      | Reached skill level 5 in Invocations
  8093 | D:8      | Reached XP level 10. HP: 34/82 MP: 13/13
  8328 | D:8      | Bought a potion of curing for 45 gold pieces
  8328 | D:8      | Bought a potion of haste for 150 gold pieces
  8328 | D:8      | Bought a potion of invisibility for 120 gold pieces
  9080 | D:8      | Reached * piety under Qazlal
  9233 | D:9      | Found Donginunk's Armour Boutique.
  9587 | D:9      | Reached ** piety under Qazlal
  9758 | D:9      | Found a runed translucent door.
  9761 | D:9      | Noticed pigah's ghost (novice OpSh)
  9818 | D:9      | Gained mutation: You are mostly covered in slimy green
                  | scales. (AC +3) [demonic ancestry]
  9818 | D:9      | Reached XP level 11. HP: 80/89 MP: 16/16
 10006 | D:9      | Found a shadowy altar of Dithmenos.
 10006 | D:9      | Found a basalt altar of Yredelemnul.
 10060 | D:10     | Entered Level 10 of the Dungeon
 10746 | D:10     | Found a bloodstained altar of Trog.
 10819 | D:10     | Reached skill level 10 in Fighting
 10952 | D:10     | Reached *** piety under Qazlal
 11855 | D:11     | Noticed a two-headed ogre
 11875 | D:11     | Killed a two-headed ogre
 12075 | D:11     | Noticed Josephine
 12079 | D:11     | Noticed a two-headed ogre
 12293 | D:11     | Killed Josephine
 12318 | D:11     | Reached skill level 10 in Long Blades
 12318 | D:11     | Reached skill level 10 in Invocations
 12325 | D:11     | Reached skill level 10 in Dodging
 12508 | D:11     | Killed a two-headed ogre
 12509 | D:11     | Reached XP level 12. HP: 67/99 MP: 19/19
 12632 | D:11     | Noticed a two-headed ogre
 12641 | D:11     | Killed a two-headed ogre
 12763 | D:11     | Found a staircase to the Lair.
 12935 | D:12     | Found a gate leading to a gauntlet.
 12951 | D:12     | Reached skill level 1 in Armour
 13039 | Gauntlet | Entered a Gauntlet
 13039 | Gauntlet | Found a transporter.
 13039 | Gauntlet | Found a transporter.
 13039 | Gauntlet | Found a transporter.
 13040 | Gauntlet | Found a transporter.
 13041 | Gauntlet | Found a transporter.
 13044 | Gauntlet | Found a transporter.
 13051 | Gauntlet | Found a transporter.
 13052 | Gauntlet | Found a transporter.
 13053 | Gauntlet | Found a transporter.
 13055 | Gauntlet | Found a transporter.
 13055 | Gauntlet | Noticed a catoblepas
 13060 | Gauntlet | Noticed a hell hog
 13064 | Gauntlet | Found a transporter.
 13064 | Gauntlet | Found a transporter.
 13065 | Gauntlet | Found the +3 pair of seven-league boots {Rampage+∞}
 13433 | Gauntlet | Reached **** piety under Qazlal
 13658 | Gauntlet | Noticed a minotaur
 13665 | Gauntlet | Killed a minotaur
 13669 | Gauntlet | Identified the +0 robe of Sunlight {rF+++ rC++ Int+4}
 13669 | Gauntlet | Identified the +1 short sword "Ywkumuj" {heavy, *Corrode
                  | rN+ Int+2}
 13863 | D:12     | Found a staircase to the Orcish Mines.
 13944 | D:12     | Noticed Jorgrun
 13973 | D:12     | Killed from afar by Jorgrun

Illustrated notes

Levels and vault maps discovered:
D:1:      nzn_arrival_depleted_hourglass, layout_loops_ring, minivault_19
D:2:      layout_loops_cross, chequers_serial_rivers_room_a, uniq_terence
D:3:      layout_rooms, basic_ecumenical_altar, minmay_misc_feat_five,
          minmay_circle_x
D:4:      layout_loops_corners, serial_bayou, serial_bayou_crossing,
          serial_bayou_shore_a, serial_bayou_pond_d, serial_bayou_lake_a,
          serial_bayou_shore_b, grunt_ministairs_12, st_stairs_9, uniq_pikel
D:5:      layout_basic, serial_corexii_hall, corexii_hall_statues_deadend,
          corexii_hall_statues_i, nicolae_custom_books
D:6:      layout_loops_ring, minmay_joined_circles
D:7:      layout_loops_cross, mainiacjoe_overflow_alcove_4,
          mainiacjoe_overflow_brackets, minmay_temple_entry_stoned_glass,
          gammafunk_ghost_abyssal_escape, serial_bayou_pond_c
D:8:      layout_basic, serial_shops, shop_fountains, kennysheep_generic_room_3,
          uniq_maggie
D:9:      layout_gridville, amethyst_overflow_temple_binary,
          hellmonk_ghost_happy_afterlife, serial_shops, nicolae_shop_crystal
D:10:     layout_small_grid, lemuel_coloured_pillars_altar, serial_ice,
          serial_ice_a, serial_ice_h, serial_ice_l, serial_ice_o, serial_ice_e,
          serial_ice_d, serial_ice_m, serial_ice_g, patterned_corridor
D:11:     layout_basic, due_lair_maze_entry_diamond, uniq_josephine
D:12:     layout_roguey, minmay_orc_entry_guard_dogs, gauntlet_entry_generic,
          lemuel_flamethrower_hall, uniq_jorgrun
Temple:   minmay_temple_bridge_d

Skill      XL: |  1  2  3  4  5  6  7  8  9 10 11 12 |
---------------+-------------------------------------+-----
Throwing       | 2 |  2.0
Long Blades    | 3 4 5 6 8 10 | 10.7
Dodging        | 3 4 5 6 8 10 | 10.1
Fighting       | 3 5 7 8 9 10 11 | 11.5
Invocations    | 5 7 10 11 | 11.4
Armour         | 3 |  3.1

Action                     |  1- 3 |  4- 6 |  7- 9 | 10-12 || total
---------------------------+-------+-------+-------+-------++-------
  Melee: Long sword        |    87 |   100 |   295 |    11 ||   493
         Tailslap          |     2 |    18 |    49 |    75 ||   144
         Punch             |       |     1 |     3 |     6 ||    10
         Scimitar          |       |       |       |   463 ||   463
  Throw: Throwing net      |       |     2 |     1 |       ||     3
 Invoke: Elemental Force   |       |       |       |     1 ||     1
  Evoke: Phantom mirror    |       |       |       |     1 ||     1
    Use: Potion            |       |       |     1 |     1 ||     2
         Scroll            |       |       |       |    15 ||    15
   Stab: Distracted        |       |       |     1 |       ||     1
         Held in net/web   |       |       |     1 |       ||     1
 Armour: Leather armour    |    19 |       |       |       ||    19
         Ring mail         |    21 |    32 |   134 |   304 ||   491
         Scale mail        |       |    36 |    60 |       ||    96
  Dodge: Dodged            |    50 |    47 |   162 |   370 ||   629
         Repelled          |       |       |       |     1 ||     1
  Block: Other             |     4 |    23 |    55 |   191 ||   273
         Reflection        |       |       |       |    10 ||    10

Table legend: (Time is in decaauts)
 A = Elapsed time spent in this place.
 B = Non-inter-level travel time spent in this place.
 C = Inter-level travel time spent in this place.
 D = Time resting spent in this place.
 E = Time spent auto-exploring this place.
 F = Levels seen in this place.
 G = Mean time per level.
                   A        B        C        D        E       F      G
               +--------+--------+--------+--------+--------+-----+--------+
         Total |  14104 |  13597 |    507 |   4203 |   6823 |  14 | 1007.4 |
       Dungeon |  13229 |  12856 |    373 |   3803 |   6823 |  12 | 1102.4 |
        Temple |    136 |      2 |    134 |      0 |      0 |   1 |  136.0 |
      Gauntlet |    738 |    738 |      0 |    400 |      0 |   1 |  738.0 |
               +--------+--------+--------+--------+--------+-----+--------+

Top non-repeatable levels by time:
     D:7: 1661 daAuts
     D:6: 1509 daAuts
     D:8: 1491 daAuts
     D:4: 1433 daAuts
    D:10: 1374 daAuts
    D:11: 1223 daAuts
     D:9: 1113 daAuts
     D:5: 945 daAuts
     D:2: 854 daAuts
Gauntlet: 738 daAuts
     D:1: 722 daAuts
     D:3: 599 daAuts
    D:12: 300 daAuts
  Temple: 136 daAuts
